 Dungeon Crawl Stone Soup version 0.30-a0-634-g8abc85282e (webtiles) character file.

Game seed: 10691976922207502224

322 Dirtsage the Changer (level 6, -7/45 HPs)
             Began as an Octopode Transmuter on Jan 14, 2023.
             Mangled by Pikel
             ... wielding a +1 whip of electrocution
              (9 damage)
             ... on level 4 of the Dungeon.
             The game lasted 00:08:12 (3945 turns).

Dirtsage the Changer (Octopode Transmuter)          Turns: 3945, Time: 00:08:12

Health: -7/45      AC:  7    Str:  9    XL:     6   Next: 47%
Magic:  1/9        EV: 10    Int: 17    God:
Gold:   220        SH:  0    Dex: 19    Spells: 2/9 levels left

rFire   x . .      SeeInvis .      - Unarmed
rCold   + + +      Faith    .    (shield currently unavailable)
rNeg    . . .      Spirit   .    (helmet currently unavailable)
rPois   +          Reflect  .    (no amulet)
rElec   .          Harm     .    h - +6 ring of dexterity
rCorr   .          Rampage  .    (no ring)
Will    .....                    (no ring)
Stlth   ++                       (no ring)
HPRegen 0.27/turn                (no ring)
MPRegen 0.11/turn                (no ring)
                                 (no ring)
                                 (no ring)

@: ice-form, very slightly contaminated
A: freezing attack, boosted hp, almost no armour, amphibious, 8 rings, large,
(camouflage 1), (gelatinous body 1), (nimble swimmer 1), (tentacles)
a: End Transformation


You were on level 4 of the Dungeon.
You were a creature of crystalline ice.
You visited 1 branch of the dungeon, and saw 4 of its levels.

You collected 220 gold pieces.

Inventory:

Magical Staves
 j - a staff of death
Jewellery
 h - a +6 ring of dexterity (left front paw)
Wands
 k - a wand of flame (14)
Scrolls
 f - a scroll of silence
 m - a scroll of enchant armour
Potions
 a - 3 potions of lignification
 b - 2 potions of haste {unknown}
 c - a potion of flight
 d - a potion of degeneration {unknown}
 e - a potion of attraction
 g - a potion of ambrosia
 i - a potion of mutation {unknown}
 l - a potion of curing {unknown}


   Skills:
 - Level 1.0 Fighting
 - Level 2.0 Dodging
 - Level 3.0 Unarmed Combat
 - Level 2.0 Spellcasting
 * Level 4.8 Transmutations
 * Level 4.3 Ice Magic


You had 2 spell levels left.
You knew the following spells:

 Your Spells              Type           Power      Damage    Failure   Level
a - Beastly Appendage     Tmut           36%        N/A       2%          1
b - Wereblood             Tmut           18%        N/A       4%          2
c - Ice Form              Ice/Tmut       17%        N/A       28%         4

Your spell library contained the following spells:

 Spells                   Type           Power      Damage    Failure   Level
 Apportation              Tloc           2%         N/A       19%         1
 Spider Form              Tmut/Pois      9%         N/A       22%         3
 Ignite Poison            Fire/Tmut/Pois 7%         N/A       30%         3
 Kindle Blastsparks       Fire/Tloc/Air  2%         2d10      50%         3
 Alistair's Intoxication  Tmut/Pois      6%         N/A       89%         5
 Freezing Cloud           Conj/Ice/Air   3%         6-21      96%         5


Dungeon Overview and Level Annotations

Branches:
Dungeon (4/15)
 Temple: D:4-7

Altars:

Annotations:
D:4 Pikel


Innate Abilities, Weirdness & Mutations

You are a creature of crystalline ice.
You have a powerful freezing melee attack.
Your maximum health is increased.
Your armour is entirely melded.
You are incapable of wielding weapons or throwing items.
You cannot wear most types of armour.
You are amphibious.
You can wear up to eight rings at the same time.
((Your skin changes colour to match your surroundings (Stealth+).))
((Your rubbery body absorbs attacks. (AC +1, EV +1)))
((You are camouflaged when in or above water. (Stealth+)))
((You have tentacles for arms and can constrict up to eight enemies at once.))


Message History

Your tentacle spike disappears.
You turn into a creature of crystalline ice.
Pikel closely misses you.
A lemure comes into view.
You regained 5 hp, and now have 34/45 hp.
You now have 0/9 mp.
You hit Pikel. You freeze Pikel.
Pikel is lightly wounded.
Pikel zaps a wand.
The puff of flame misses you.
You punch Pikel! You freeze Pikel.
Pikel is heavily wounded.
Pikel closely misses you.
You completely miss Pikel.
Pikel is heavily wounded.
You barely miss Pikel.
Pikel is heavily wounded.
Pikel says, "You'll make a fine lemure."
Pikel hits you with a +1 whip of electrocution.
You take 3 damage, and have 32/45 hp.
You punch Pikel! You freeze Pikel.
Pikel is severely wounded.
Pikel hits you with a +1 whip of electrocution!
The lemure hits you. x2
* * * LOW HITPOINT WARNING * * *
You take 20 damage, and have 12/45 hp.
MASSIVE DAMAGE!!
You hit Pikel but do no damage.
Pikel is severely wounded.
Pikel zaps a wand.
The puff of flame hits you! The fire burns you terribly!
* * * LOW HITPOINT WARNING * * *
The lemure hits you but does no damage. The lemure closely misses you.
You take 10 damage, and have 2/45 hp.
MASSIVE DAMAGE!!
You hit Pikel. You freeze Pikel.
Pikel is almost dead.
The lemure hits you but does no damage.
Pikel zaps a wand.
The puff of flame misses you. The lemure hits you but does no damage.
You barely miss Pikel.
Pikel is almost dead.
The lemure barely misses you.
Pikel hits you with a +1 whip of electrocution!
You die...

#.......##.......#
#................#
####.....>..........#
#.............##....##
#.....................
#..............#....##
#....####......#....#
#...#####...........##
##...Y55......##......
#.....5K.......##......
#...............#......
#...............##..###
#....#####......###....
#..... #.............
#..... ........#...
#.... ...........
.#.........


You could see Pikel and 3 lemures.

Vanquished Creatures
  A lemure (D:4)
  A scorpion (D:4)
  A necrophage (D:4)
  Terence (D:3)
  8 adders
  An ufetubus (D:4)
  2 worms (D:3)
  3 dart slugs
  10 orcs
  12 endoplasms
  4 giant cockroaches
  10 hobgoblins
  11 kobolds
  2 quokkas
  5 ball pythons
  3 bats
  5 frilled lizards
  4 goblins
  4 rats
88 creatures vanquished.

Notes
Turn   | Place    | Note
-------+----------+-------------------------------------------
     0 | D:1      | Dirtsage the Octopode Transmuter began the quest for the
                  | Orb.
     0 | D:1      | Reached XP level 1. HP: 13/13 MP: 3/3
   146 | D:1      | Found a faded altar of an unknown god.
   344 | D:1      | Reached skill level 1 in Ice Magic
   344 | D:1      | Reached XP level 2. HP: 18/18 MP: 5/5
   433 | D:1      | Learned a level 2 spell: Wereblood
  1075 | D:2      | Reached XP level 3. HP: 23/23 MP: 4/6
  1872 | D:2      | Reached XP level 4. HP: 28/28 MP: 5/7
  2080 | D:3      | Learned a level 4 spell: Ice Form
  2396 | D:3      | Reached XP level 5. HP: 33/33 MP: 5/8
  2794 | D:3      | Noticed Terence
  2813 | D:3      | Killed Terence
  3689 | D:4      | Reached XP level 6. HP: 38/38 MP: 4/9
  3927 | D:4      | Noticed Pikel
  3943 | D:4      | HP: 2/45 [Pikel/puff of flame (10)]
  3945 | D:4      | Mangled by Pikel

Illustrated notes

Levels and vault maps discovered:
D:1:      scummos_arrival_forest, layout_loops_ring,
          shapermc_ecumenical_altar_notcrosses, patterned_corridor
D:2:      minmay_inner_zag, layout_loops_corners, minmay_between
D:3:      minmay_chambers_of_twos, layout_loops_ring, serial_glass,
          glass_columns_c, glass_columns_a, glass_columns_a, glass_columns_b,
          glass_columns_b, glass_columns_a, glass_columns_c, glass_columns_a,
          due_unseen_surprise, item_on_display_a, feat_on_display, uniq_terence
D:4:      layout_basic, grunt_decor_mini_mirrors, uniq_pikel

Skill      XL: |  1  2  3  4  5 |
---------------+----------------+-----
Ice Magic      | 1 2 3 4 |  4.3
Transmutations | 3 4 |  4.8
Fighting       | |  1.0
Dodging        | |  2.0
Unarmed Combat | |  3.0
Spellcasting   | |  2.0

Action                   |  1- 3 |  4- 6 || total
-------------------------+-------+-------++-------
Melee: Unarmed           |    90 |   140 ||   230
       Constrict         |    18 |    29 ||    47
       Tentacles         |    16 |    18 ||    34
       Kick              |    15 |    28 ||    43
       Punch             |     1 |     4 ||     5
 Cast: Beastly Appendage |    13 |    15 ||    28
       Wereblood         |     2 |     6 ||     8
       Ice Form          |       |     4 ||     4
Evoke: Wand              |       |     5 ||     5
  Use: Scroll            |     6 |     6 ||    12
       Potion            |       |     1 ||     1
 Stab: Sleeping          |    14 |     4 ||    18
Armor: Skin              |     6 |    20 ||    26
Dodge: Dodged            |    45 |    67 ||   112

Table legend: (Time is in decaauts)
 A = Elapsed time spent in this place.
 B = Non-inter-level travel time spent in this place.
 C = Inter-level travel time spent in this place.
 D = Time resting spent in this place.
 E = Time spent auto-exploring this place.
 F = Levels seen in this place.
 G = Mean time per level.
                   A        B        C        D        E       F      G
               +--------+--------+--------+--------+--------+-----+--------+
         Total |   3930 |   3870 |     60 |     95 |   3090 |   4 |  982.5 |
       Dungeon |   3930 |   3870 |     60 |     95 |   3090 |   4 |  982.5 |
               +--------+--------+--------+--------+--------+-----+--------+

Top non-repeatable levels by time:
     D:3: 1319 daAuts
     D:2: 1123 daAuts
     D:1: 931 daAuts
     D:4: 556 daAuts
